 Dungeon Crawl Stone Soup version 0.25.1-2-g60ff931df9 (webtiles) character file.

Game seed: 4818500471541479007

3091 raphialitos the Blocker (level 10, -4/76 HPs)
             Began as a Formicid Fighter on Oct 16, 2020.
             Slain by a two-headed ogre
             ... wielding a +1 dire flail of protection
              (14 damage)
             ... on level 8 of the Dungeon.
             The game lasted 00:16:21 (6978 turns).

raphialitos the Blocker (Formicid Fighter)          Turns: 6978, Time: 00:16:22

Health: -4/76      AC: 13    Str: 25    XL:     10   Next: 13%
Magic:  12/12      EV: 11    Int:  7    God:
Gold:   434        SH: 13    Dex: 10    Spells: 4/12 levels left

rFire    + . .     SeeInvis +   r - +0 trident
rCold    + . .     Gourm    .   c - +2 kite shield
rNeg     . . .     Faith    .   i - +4 scale mail
rPois    .         Spirit   .   (helmet unavailable)
rElec    .         Reflect  .   (no cloak)
rCorr    .         Harm     .   l - +0 pair of gloves
MR       +....                  (no boots)
Stlth    ..........             p - amulet of regeneration
HPRegen  0.62/turn              j - ring of protection from fire
MPRegen  0.13/turn              d - ring of protection from cold

@: no status effects
A: permanent stasis, dig shafts and tunnels, four strong arms, antennae 3
a: Dig, Shaft Self


You were on level 8 of the Dungeon.
You were not hungry.

You visited 1 branch of the dungeon, and saw 8 of its levels.

You collected 434 gold pieces.

Inventory:

Hand Weapons
 a - a +2 quarterstaff
 r - a +0 trident (weapon)
 B - a +2 shortbow of freezing
Missiles
 k - 25 bolts
 n - 39 sling bullets
 s - 95 arrows
 y - 14 poisoned darts (quivered)
 A - a throwing net
Armour
 b - a +0 scale mail
 c - a +2 kite shield (worn)
 i - a +4 scale mail (worn)
 l - a +0 pair of gloves (worn)
Jewellery
 d - a ring of protection from cold (right hand)
 j - a ring of protection from fire (left hand)
 p - an amulet of regeneration (around neck)
 u - an uncursed ring of stealth
Wands
 m - a wand of clouds (2)
 v - a wand of acid (8)
 x - a wand of polymorph (8)
Scrolls
 z - a scroll of fog
 C - a scroll of immolation
Potions
 e - a potion of curing
 g - 2 potions of invisibility
 h - a potion of stabbing
 o - 3 potions of heal wounds
 q - 2 potions of ambrosia {unknown}
 t - 2 potions of brilliance {unknown}
 w - 2 potions of flight {unknown}
Comestibles
 f - 8 rations
 D - 2 chunks of flesh


   Skills:
 + Level 6.1 Fighting
 + Level 6.0(6.9) Polearms
 + Level 4.9(6.3) Staves
 + Level 7.2 Armour
 + Level 3.1 Dodging
 + Level 0.4 Stealth
 + Level 8.9 Shields
 + Level 1.5 Spellcasting
 + Level 0.5 Summonings


You had 4 spell levels left.
You knew the following spells:

 Your Spells              Type           Power        Failure   Level  Hunger
a - Magic Dart            Conj           #...         65%         1    ##.....
b - Call Imp              Summ           #.......     71%         2    ###....
c - Slow                  Hex            #.......     78%         2    ###....
d - Conjure Flame         Conj/Fire      #.......     95%         3    ####...

Your spell library contained the following spells:

 Spells                   Type           Power        Failure   Level  Hunger
 Mephitic Cloud           Conj/Pois/Air  #.......     95%         3    ####...
 Blink                    Tloc           Unusable     N/A         2    N/A

Dungeon Overview and Level Annotations

Branches:
Dungeon (8/15)             Temple (0/1) D:5
   Lair: D:8-11

Altars:

Shops:
D:6 [


Innate Abilities, Weirdness & Mutations

You cannot be hasted, slowed, berserked, paralysed or teleported.
You can dig through walls and to a lower floor.
Your four strong arms can wield two-handed weapons with a shield.
You have a pair of large antennae on your head. (SInv)


Message History

The two-headed ogre is moderately wounded.
The two-headed ogre hits you with a +1 dire flail of protection!
You block the two-headed ogre's attack.
You hit the two-headed ogre but do no damage.
The two-headed ogre is moderately wounded.
The two-headed ogre hits you with a +1 dire flail of protection!
The two-headed ogre misses you.
You puncture the two-headed ogre!
The two-headed ogre is heavily wounded.
You block the two-headed ogre's attack. x2
You puncture the two-headed ogre!
The two-headed ogre is severely wounded.
The howler monkey hoots and howls with incredible vigour!
You hear an angry hiss.
You hear a loud, deep croak!
Your scale mail prevents you from hitting the two-headed ogre.
The two-headed ogre is severely wounded.
The two-headed ogre hits you with a +1 dire flail of protection!
* * * LOW HITPOINT WARNING * * *
The two-headed ogre hits you with a +0 giant club!
You die...

#.{.#.###?....#..#..#######
##.##.....##..............#
.5Sh..h#.###..........###.#
.#.#Y....##.>.........# #.#
.#S#.#.#Z##.#....###.####.##
.###...#{##.#..#.###.##.)...
.....#..{{O5h........##.#.#.
#.#.#######O####.######.#.#.
#... #@# #. #.#... ### #.#
....####.###. ##.##
........รท.##. #.#.#
.....###..... ########.##
.... #...... #........#
.....##.#.### .#####..#
#.<....#
#.....##########.###
#.#......#...###.#


You could see a two-headed ogre, an ogre, a howler monkey (catching breath) and
a quasit.

Vanquished Creatures
  Sigmund (D:3)
  4 nameless horrors (D:5)
  4 humans (D:6)
  An orc warrior (D:7)
  An ice beast (D:5)
  3 sky beasts
  2 centaurs
  3 ogres
  A gnoll sergeant (D:7)
  2 bullfrogs
  A water moccasin skeleton (D:2)
  A killer bee (D:8)
  3 howler monkeys
  2 bullfrog zombies
  4 crimson imps
  5 hounds
  A gnoll shaman (D:4)
  A jelly (D:5)
  4 orc priests
  6 orc wizards
  A centaur skeleton (D:8)
  2 iguanas (D:7)
  3 worker ants
  7 gnolls
  7 adders
  2 shadow imps
  7 worms
  A dart slug (D:3)
  5 leopard geckos
  13 orcs
  A ball python (D:4)
  5 giant cockroaches
  4 goblins
  6 hobgoblins
  4 jackals (D:4)
  A quokka (D:5)
  5 bats
  6 frilled lizards
  3 kobolds
  A quokka skeleton (D:6)
  8 rats
142 creatures vanquished.

Notes
Turn   | Place    | Note
-------+----------+-------------------------------------------
     0 | D:1      | raphialitos the Formicid Fighter began the quest for the
                  | Orb.
     0 | D:1      | Reached XP level 1. HP: 18/18 MP: 1/1
   203 | D:1      | Reached XP level 2. HP: 24/24 MP: 2/2
   824 | D:2      | Noticed a crimson imp
   827 | D:2      | Killed a crimson imp
   827 | D:2      | Reached skill level 4 in Shields
   827 | D:2      | Reached XP level 3. HP: 30/30 MP: 3/3
   827 | D:2      | Reached XP level 4. HP: 37/37 MP: 4/4
  1340 | D:2      | Reached XP level 5. HP: 42/42 MP: 5/5
  1906 | D:3      | Noticed an ogre
  1973 | D:2      | Killed an ogre
  1973 | D:2      | Reached skill level 1 in Dodging
  1973 | D:2      | Reached skill level 5 in Shields
  1973 | D:2      | Reached XP level 6. HP: 30/48 MP: 6/6
  2164 | D:3      | Noticed Sigmund
  2184 | D:3      | Killed Sigmund
  2184 | D:3      | Reached XP level 7. HP: 24/55 MP: 7/7
  2544 | D:4      | Reached skill level 5 in Armour
  3255 | D:5      | Entered Level 5 of the Dungeon
  3292 | D:5      | Reached XP level 8. HP: 61/61 MP: 8/8
  3301 | D:5      | Reached skill level 6 in Shields
  3766 | D:5      | Reached skill level 1 in Polearms
  3906 | D:5      | Reached skill level 5 in Fighting
  4126 | D:5      | Found a staircase to the Ecumenical Temple.
  4187 | D:5      | Learned a level 1 spell: Magic Dart
  4190 | D:5      | Learned a level 2 spell: Call Imp
  4193 | D:5      | Learned a level 2 spell: Slow
  4207 | D:5      | Noticed a nameless horror
  4208 | D:5      | Noticed a nameless horror
  4218 | D:5      | Killed a nameless horror
  4226 | D:5      | Killed a nameless horror
  4277 | D:5      | Noticed a nameless horror
  4279 | D:5      | Noticed a nameless horror
  4291 | D:5      | Killed a nameless horror
  4301 | D:5      | Killed a nameless horror
  4475 | D:6      | Reached skill level 7 in Shields
  4552 | D:6      | Found Renuniok's Antique Armour Emporium.
  4844 | D:6      | Noticed a human
  4845 | D:6      | Noticed a human
  4845 | D:6      | Noticed a human
  4873 | D:6      | Killed a human
  4873 | D:6      | Reached XP level 9. HP: 67/68 MP: 9/9
  5514 | D:7      | Reached skill level 5 in Polearms
  5810 | D:7      | Reached skill level 8 in Shields
  6693 | D:8      | Reached skill level 1 in Spellcasting
  6693 | D:8      | Reached XP level 10. HP: 76/76 MP: 9/11
  6698 | D:8      | Learned a level 3 spell: Conjure Flame
  6961 | D:8      | Noticed a two-headed ogre
  6978 | D:8      | Slain by a two-headed ogre

Illustrated notes

Levels and vault maps discovered:
D:1:      eino_arrival_cavern_d, layout_loops_cross
D:2:      layout_basic
D:3:      layout_rooms, first_ration, moated_statue, grunt_decor_clamped,
          uniq_sigmund
D:4:      layout_basic
D:5:      layout_basic, minmay_temple_entry_fiery
D:6:      layout_basic, serial_shops, shop, minmay_ruffians
D:7:      layout_basic
D:8:      layout_loops_cross, grunt_temple_overflow_open, grunt_livestock,
          minmay_fractal_squares_5

Skill      XL: |  1  2  3  4  5  6  7  8  9 10 |
---------------+-------------------------------+-----
Shields        | 4 5 7 8 |  8.9
Fighting       | 4 5 6 |  6.1
Staves         | 3 4 |  4.9
Armour         | 4 5 6 7 |  7.2
Dodging        | 1 2 3 |  3.1
Polearms       | 3 5 6 |  6.0
Spellcasting   | 1 |  1.5
Stealth        | |  0.4
Summonings     | |  0.5

Action                   |  1- 3 |  4- 6 |  7- 9 | 10-12 || total
-------------------------+-------+-------+-------+-------++-------
Melee: Quarterstaff      |    46 |   157 |    82 |       ||   285
       Trident           |       |       |   500 |    71 ||   571
 Cast: Call Imp          |       |       |     4 |       ||     4
  Use: Scroll            |     4 |     2 |    10 |       ||    16
       Potion            |       |     1 |     3 |       ||     4
  Eat: Chunk             |       |     4 |    12 |       ||    16
       Ration            |       |       |     2 |       ||     2
Armor: Scale mail        |    26 |    58 |   195 |    12 ||   291
Dodge: Dodged            |    16 |    50 |   215 |    22 ||   303
Block: Kite shield       |    20 |   117 |   444 |    47 ||   628
